 Dungeon Crawl Stone Soup version 0.29-a0-271-gd4eb659eea (webtiles) character file.

Game seed: 12351272282871674976

8 CovertPenguin the Bolt Thrower (level 2, -1/17 HPs)
             Began as a Kobold Hunter on Mar 8, 2022.
             Frozen to death by an endoplasm (3 damage)
             ... on level 1 of the Dungeon.
             The game lasted 00:00:44 (250 turns).

CovertPenguin the Bolt Thrower (Kobold Hunter)       Turns: 250, Time: 00:00:44

Health: -1/17      AC:  3    Str:  9    XL:     2   Next: 15%
Magic:  2/2        EV: 14    Int: 12    God:
Gold:   44         SH:  0    Dex: 15    Spells: 1/1 levels left

rFire   . . .      SeeInvis .   a - +1 hand crossbow
rCold   . . .      Faith    .   (no shield)
rNeg    . . .      Spirit   .   b - +0 leather armour
rPois   .          Reflect  .   (no helmet)
rElec   .          Harm     .   (no cloak)
rCorr   .          Rampage  .   (no gloves)
Will    .....                   (no boots)
Stlth   +++.......              (no amulet)
HPRegen 0.05/turn               (no ring)
MPRegen 0.08/turn               (no ring)

@: no status effects
A: small, no large weapons, nightstalker 3
a: no special abilities


You were on level 1 of the Dungeon.
You visited 1 branch of the dungeon, and saw 1 of its levels.

You collected 44 gold pieces.

Inventory:

Hand Weapons
 a - a +1 hand crossbow (weapon)
Missiles
 e - 29 stones
Armour
 b - a +0 leather armour (worn)
Jewellery
 d - a +6 ring of strength
   (You found it on level 1 of the Dungeon)
Scrolls
 c - a scroll of immolation {!r}
 f - 2 scrolls of identify {unknown}
 g - a scroll of noise {unknown}


   Skills:
 - Level 2.1 Fighting
 + Level 5.9 Crossbows
 - Level 2.4 Dodging
 - Level 1.3 Stealth


You had one spell level left.
You didn't know any spells.
Your spell library was empty.

Dungeon Overview and Level Annotations

Branches:
Dungeon (1/15)

Altars:


Innate Abilities, Weirdness & Mutations

You are small and have problems with some larger weapons.
You are completely attuned to the shadows.


Message History

The hobgoblin shouts!
You shoot a bolt. The bolt closely misses the hobgoblin.
You shoot a bolt. The bolt hits the hobgoblin.
You kill the hobgoblin!
You see here a hobgoblin corpse.
Found 3 javelins.
Found 4 gold pieces.
You now have 44 gold pieces (gained 4).
Found a scroll labelled COSMYSK UWOC.
f - 2 scrolls labelled COSMYSK UWOC (gained 1)
An endoplasm comes into view.
Found a scroll labelled CIXEIT TUSHRA.
An endoplasm is nearby!
You shoot a bolt.
The bolt hits the endoplasm but does no damage.
The endoplasm quivers.
You shoot a bolt. The bolt barely misses the endoplasm.
The endoplasm freezes you.
You are frozen.
The endoplasm hits you.
You shoot a bolt. The bolt barely misses the endoplasm.
The endoplasm hits you but does no damage.
You shoot a bolt.
The bolt hits the endoplasm but does no damage.
The endoplasm freezes you.
You are frozen.
You shoot a bolt.
The bolt completely misses the endoplasm.
The endoplasm freezes you.
You are frozen.
* * * LOW HITPOINT WARNING * * *
The endoplasm attacks as you move away! The endoplasm misses you.
You are too injured to fight recklessly!
You are too injured to fight recklessly!
Really attack while wielding your +1 hand crossbow? [Y]es or [N]o only, please.
Really attack while wielding your +1 hand crossbow?
Okay, then.
The endoplasm jiggles.
Shoot: a) +1 hand crossbow
Aim: an endoplasm (87% to hit)
You shoot a bolt. The bolt hits the endoplasm.
The endoplasm misses you. The endoplasm hits you.
* * * LOW HITPOINT WARNING * * *
Shoot: a) +1 hand crossbow
Aim: an endoplasm (severely wounded, 87% to hit)
You shoot a bolt.
The bolt hits the endoplasm but does no damage.
The endoplasm freezes you.
You are frozen.
You die...

#..........#...##.+...<
.#......##....##...#....
......(....#####.#######
.......................#
.#......#..............#
#......................
##......................
.......#................
#####..@................
......J................
#######...†.............
.......................#
.........#..... #.....##
..........#######.....#.
..............##........
...........##...........
####.....#.####......>..


You could see an endoplasm.

Vanquished Creatures
  3 endoplasms (D:1)
  A giant cockroach (D:1)
  A hobgoblin (D:1)
  2 frilled lizards (D:1)
7 creatures vanquished.

Notes
Turn   | Place    | Note
-------+----------+-------------------------------------------
     0 | D:1      | CovertPenguin the Kobold Hunter began the quest for the
                  | Orb.
     0 | D:1      | Reached XP level 1. HP: 12/12 MP: 1/1
   112 | D:1      | Reached XP level 2. HP: 17/17 MP: 2/2
   250 | D:1      | Frozen to death by an endoplasm

Illustrated notes

Levels and vault maps discovered:
D:1:      minmay_arrival_up_and_down, layout_rooms, minmay_misc_feat_five,
          minivault_23, minmay_misc_feat_square, kennysheep_boxes

Action                   || total
-------------------------++-------
 Fire: Hand crossbow     ||    20
Armor: Leather armour    ||     1
Dodge: Dodged            ||     2

Table legend: (Time is in decaauts)
 A = Elapsed time spent in this place.
 B = Non-inter-level travel time spent in this place.
 C = Inter-level travel time spent in this place.
 D = Time resting spent in this place.
 E = Time spent auto-exploring this place.
 F = Levels seen in this place.
 G = Mean time per level.
                   A        B        C        D        E       F      G
               +--------+--------+--------+--------+--------+-----+--------+
         Total |    255 |    255 |      0 |      0 |    188 |   1 |  255.0 |
       Dungeon |    255 |    255 |      0 |      0 |    188 |   1 |  255.0 |
               +--------+--------+--------+--------+--------+-----+--------+

Top non-repeatable levels by time:
     D:1: 255 daAuts
